 Dungeon Crawl Stone Soup version 0.31.0-11-ge490571c62 (webtiles) character file.

Game seed: 7016675835245900832

7543 Gadfly the Ruffian (level 10, 0/72 (77) HPs)
             Began as a Demonspawn Shapeshifter on Jan 27, 2024.
             Was a Follower of Wu Jian.
             Slain by a wight
             ... wielding a +0 morningstar
              (7 damage)
             ... on level 9 of the Dungeon.
             The game lasted 00:14:59 (8868 turns).

Gadfly the Ruffian (Demonspawn Shapeshifter)        Turns: 8868, Time: 00:14:59

HP:   0/72 (77)     AC:  2    Str: 18    XL:     10   Next: 96%
MP:   10/10         EV: 15    Int: 11    God:    Wu Jian [*.....]
Gold: 1545          SH:  0    Dex: 13    Spells: 2/9 levels left

rFire   . .          .
                       - Unarmed
rCold   . . .        (no shield)
rNeg    . . .        a - +1 animal skin
rPois   +            m - melded +0 helmet
rElec   .            (cloak currently unavailable)
rCorr   .            h - melded +0 pair of gloves
SInv    .            (boots currently unavailable)
Will    .....        (no amulet)
Stlth   +            f - ring of poison resistance
HPRegen 0.32/turn    (no ring)
MPRegen 0.12/turn

%: no passive effects
@: beast-form, corroded, drained
A: beast (slay +4), hooves 1, molten scales 2, demonic guardian 2, spiny 1
a: Begin Untransformation, Renounce Religion


You were on level 9 of the Dungeon.
You worshipped Wu Jian.
Wu Jian was aware of your devotion.
You were a hulking beast.
You visited 2 branches of the dungeon, and saw 10 of its levels.

You collected 1545 gold pieces.

Inventory:

Hand Weapons
 b - a +2 dagger of venom
 w - a +4 short sword
Armour
 a - a +1 animal skin (worn)
 h - a +0 pair of gloves (melded)
 m - a +0 helmet (melded)
Jewellery
 f - a ring of poison resistance (left hand)
Talismans
 c - a beast talisman (active)
 d - a flux talisman
 q - a blade talisman
 v - a serpent talisman
Wands
 p - a wand of polymorph (7)
 t - a wand of mindburst (12) (quivered)
 z - a wand of flame (8)
Scrolls
 e - 6 scrolls of teleportation
 g - 3 scrolls of enchant weapon
 i - 4 scrolls of identify
 r - 2 scrolls of poison
 y - a scroll of enchant armour
Potions
 j - a potion of mutation
 k - 3 potions of curing
 l - a potion of heal wounds
 n - a potion of might
 o - 2 potions of lignification
 s - 3 potions of resistance
 u - a potion of ambrosia
 x - 3 potions of cancellation


   Skills:
 + Level 6.5 Fighting
 + Level 7.3 Dodging
 * Level 7.8 Unarmed Combat
 + Level 7.5 Evocations
 * Level 7.2 Shapeshifting


You had 2 spell levels left.
You knew the following spells:

 Your Spells              Type           Power      Damage    Failure   Level
a - Passwall              Erth           0%         N/A       71%         3
b - Vhi's Electric Charg  Tloc/Air       0%         N/A       98%         4

Your spell library contained the following spells:

 Spells                   Type           Power      Damage    Failure   Level
 Sandblast                Erth           0%         2d4       34%         1
 Lesser Beckoning         Tloc           0%         N/A       47%         2
 Gell's Gravitas          Tloc           0%         N/A       71%         3
 Stone Arrow              Conj/Erth      0%         3d7       71%         3
 Teleport Other           Tloc           0%         N/A       71%         3
 Volatile Blastmotes      Fire/Tloc      0%         2d10      71%         3
 Brom's Barrelling Bould  Conj/Erth      0%         2d3       98%         4
 Fulminant Prism          Conj/Alch      0%         3d5       98%         4
 Iskenderun's Mystic Bla  Conj/Tloc      0%         2d3       98%         4
 Arcjolt                  Conj/Air       0%         1d10      100%        5
 Maxwell's Capacitive Co  Air            0%         ∞         100%        8


Dungeon Overview and Level Annotations

Branches:
Dungeon (9/15)             Temple (1/1) D:4            Lair (0/5) D:8
    Orc: D:9-12

Altars:
Ashenzari
Dithmenos
Fedhas
Gozag
Hepliaklqana
Kikubaaqudgha
Makhleb
Nemelex Xobeh
Okawaru
Sif Muna
Uskayaw
Vehumet
Wu Jian
Yredelemnul


Innate Abilities, Weirdness & Mutations

You are a hulking beast.
Your limbs bulge with bestial killing power. (Slay +4)
You have large cloven feet.
You are mostly covered in molten scales. (AC +3)
A demonic guardian rushes to your aid.
You are partially covered in sharp spines.


Message History

Your hellwing hits the wight but does no damage.
Your hellwing hits the wight!
The wight is destroyed!
The Council accepts your kill. The wyvern is struck by your spines.
The wyvern barely misses you.
You hit the wyvern.
The wyvern is moderately wounded.
The wyvern misses you. The wight misses you.
The kobold demonologist casts a spell.
Your hellwing hits the wyvern! Your hellwing hits the wyvern.
You catch the helpless wyvern completely off-guard!
You hit the wyvern. Your kick misses the wyvern.
The wyvern is almost dead.
The wyvern barely misses you.
The wight hits you from afar with a +0 halberd!
You punch the wyvern!
You kill the wyvern!
The Council accepts your kill.
Your hellwing barely misses the rust devil.
Your hellwing hits the rust devil but does no damage.
The rust devil is struck by your spines.
The rust devil hits you! The rust devil corrodes you!
You swap places.
You spin and attack the rust devil.
You hit the rust devil but do no damage.
The rust devil is lightly wounded.
Your hellwing disappears in a puff of smoke!
The wight hits you from afar with a +0 halberd!
* * * LOW HITPOINT WARNING * * *
A demonic guardian appears!
You feel drained.
* * * LOW HITPOINT WARNING * * *
The rust devil misses you.
Items here: $ ( ) †.
You swap places.
The rust devil hits your ice devil. The rust devil corrodes your ice devil!
Your ice devil hits the rust devil!
Your ice devil freezes the rust devil!
The rust devil resists.
The kobold demonologist hits your ice devil with a +0 dagger.
You spin and attack the wight.
You hit the wight but do no damage. Your kick misses the wight.
The wight hits you with a +0 morningstar!
You die...

#.##.#..#†##
#[.##.#..#.##
#..##.#..#.##
..z##.#..#.##
##4.##.#..#.## #.#
#.zz4##.#..#.## #.#
##K4##.#..#.## #.#
###z4§###......#
#.###.h.###.#..#.#+#
#.#...###.#..#.###
#.#.###.#..#.###
#.#'#.#..#.###
#.#.#..#.###
#....#.### ###..###
####


You could see an ice devil (summoned), a rust devil (summoned, ally target), a
kobold demonologist, a wight and a friendly ice devil (summoned, corroded).

Vanquished Creatures
  A rime drake (D:8)
  A polar bear (D:8)
  Prince Ribbit (D:7)
  A hornet (D:8)
  3 wyverns
  10 yaks
  A steam dragon (D:8)
  Menkaure (D:4)
  An orc warrior (D:8)
  5 black bears
  4 ice beasts (D:8)
  2 sky beasts
  2 wolves (D:8)
  A centaur (D:9)
  2 ogres
  2 phantoms
  A bullfrog (D:6)
  3 scorpions
  4 wights
  A jelly (D:7)
  7 howler monkeys
  5 hounds
  5 orc priests (D:8)
  An iguana (D:5)
  A sleepcap (D:5)
  5 orc wizards
  9 adders
  A shadow imp (D:6)
  3 white imps
  An ufetubus (D:3)
  2 dart slugs
  18 orcs
  6 ball pythons
  3 bats
  6 endoplasms
  2 giant cockroaches
  5 goblins
  7 hobgoblins
  4 jackals (D:4)
  A quokka (D:3)
  A frilled lizard (D:2)
  A kobold (D:1)
  5 rats
146 creatures vanquished.

Vanquished Creatures (collateral kills)
  2 cyclopes (D:8)
  2 yaks
  An ice beast (D:6)
  An orc warrior (D:8)
  An ogre (D:5)
  2 wights (D:9)
  A bombardier beetle (D:4)
  An iguana (D:5)
  An ufetubus (D:3)
  An orc (D:3)
  An endoplasm (D:4)
  A quokka (D:2)
15 creatures vanquished.

Grand Total: 161 creatures vanquished

Notes
Turn   | Place    | Note
-------+----------+-------------------------------------------
     0 | D:1      | Gadfly the Demonspawn Shapeshifter began the quest for the
                  | Orb.
     0 | D:1      | Reached XP level 1. HP: 15/15 MP: 1/1
   407 | D:1      | Gained mutation: A weak demonic guardian rushes to your
                  | aid. [demonic ancestry]
   407 | D:1      | Reached XP level 2. HP: 7/21 MP: 2/2
   539 | D:1      | Found a faded altar of an unknown god.
   828 | D:2      | Reached skill level 1 in Evocations
  1475 | D:3      | Gained mutation: You are partially covered in molten
                  | scales. (AC +2) [demonic ancestry]
  1475 | D:3      | Reached XP level 3. HP: 15/26 MP: 3/3
  1594 | D:3      | Found a hide-covered altar of Uskayaw.
  1736 | D:3      | HP: 1/26 [ufetubus (2)]
  2063 | D:3      | Gained mutation: You are partially covered in sharp spines.
                  | [demonic ancestry]
  2063 | D:3      | Reached XP level 4. HP: 27/33 MP: 4/4
  2517 | D:4      | Noticed a black bear
  2526 | D:4      | Killed a black bear
  2527 | D:4      | Reached XP level 5. HP: 14/38 MP: 5/5
  2629 | D:4      | Found an ornate altar of the Wu Jian Council.
  2642 | D:4      | Noticed a phantom
  2659 | D:4      | Killed a phantom
  2660 | D:4      | Gained mutation: You are mostly covered in molten scales.
                  | (AC +3) [demonic ancestry]
  2660 | D:4      | Reached XP level 6. HP: 21/46 MP: 6/6
  2775 | D:4      | Found a staircase to the Ecumenical Temple.
  2877 | Temple   | Entered the Ecumenical Temple
  3148 | D:4      | Reached XP level 7. HP: 28/51 MP: 7/7
  3402 | D:4      | Found an opulent altar of Gozag.
  3454 | D:4      | Noticed Menkaure
  3464 | D:4      | Killed Menkaure
  3739 | D:5      | Entered Level 5 of the Dungeon
  4127 | D:5      | Reached XP level 8. HP: 41/59 MP: 8/8
  4253 | D:5      | Reached skill level 5 in Dodging
  4253 | D:5      | Reached skill level 5 in Evocations
  4589 | D:4      | Became a worshipper of the Wu Jian Council
  6006 | D:7      | Reached skill level 5 in Unarmed Combat
  6007 | D:7      | Gained mutation: You have large cloven feet. [demonic
                  | ancestry]
  6007 | D:7      | Reached XP level 9. HP: 52/66 MP: 9/9
  6079 | D:7      | Noticed Prince Ribbit
  6095 | D:7      | Killed Prince Ribbit
  6369 | D:7      | Reached skill level 5 in Shapeshifting
  6578 | D:7      | Identified a scroll of acquirement
  6579 | D:7      | Acquired 1056 gold pieces
  6680 | D:7      | Learned a level 3 spell: Passwall
  6782 | D:7      | Reached skill level 5 in Fighting
  6876 | D:7      | Learned a level 4 spell: Vhi's Electric Charge
  7066 | D:8      | Reached * piety under Wu Jian
  7227 | D:8      | Found a shadowy altar of Dithmenos.
  7522 | D:8      | Noticed a rime drake
  7523 | D:8      | Noticed a polar bear
  7543 | D:8      | Killed a rime drake
  7551 | D:8      | Gained mutation: A demonic guardian rushes to your aid.
                  | [demonic ancestry]
  7551 | D:8      | Reached XP level 10. HP: 22/74 MP: 10/10
  8028 | D:8      | Found a staircase to the Lair.
  8414 | D:8      | Noticed a cyclops
  8419 | D:8      | Killed a cyclops
  8420 | D:8      | Noticed a cyclops
  8424 | D:8      | Killed a cyclops
  8864 | D:9      | Noticed a rust devil
  8868 | D:9      | Slain by a wight

Illustrated notes

Levels and vault maps discovered:
D:1:      minmay_arrival_four_houses, layout_basic,
          shapermc_ecumenical_altar_mp_urbaneastern,
          chequers_serial_rivers_large_a, hex_tiny, kennysheep_flooded_box
D:2:      layout_rooms
D:3:      layout_rooms, mainiacjoe_overflow_boulevard,
          amcnicky_mini_corridor_feature, minmay_misc_feat_encased, st_stairs_4,
          guppyfry_early_orc_mine
D:4:      minmay_diamond_boxcup, layout_basic, general_overflow_altar,
          mainiacjoe_overflow_small_starburst, minmay_temple_entry_waves,
          uniq_menkaure
D:5:      layout_rooms
D:6:      layout_layer_cave, kennysheep_generic_room_8
D:7:      layout_gridville, uniq_prince_ribbit1
D:8:      layout_loops_cross, zin_statuary, mainiacjoe_overflow_six_doors_small,
          hellmonk_lair_entry_icy, moated_statue, minmay_small_thing
D:9:      minmay_razor_zed, layout_loops_ring,
          gammafunk_temple_overflow_forgotten
Temple:   nicolae_temple_bog_church

Skill      XL: |  1  2  3  4  5  6  7  8  9 10 |
---------------+-------------------------------+-----
Dodging        | 2 3 4 5 6 7 |  7.3
Evocations     | 1 2 3 4 5 6 7 |  7.5
Unarmed Combat | 3 4 5 6 7 |  7.8
Shapeshifting  | 3 4 6 7 |  7.2
Fighting       | 2 3 4 5 6 |  6.5

Action                     |  1- 3 |  4- 6 |  7- 9 | 10-12 || total
---------------------------+-------+-------+-------+-------++-------
  Melee: Unarmed           |   120 |    64 |   234 |    97 ||   515
         Punch             |     2 |       |    13 |     8 ||    23
         Dagger            |       |    29 |    19 |       ||    48
         Kick              |       |       |    31 |    40 ||    71
Ability: Begin Untransform |     1 |     1 |       |       ||     2
         Lunge             |       |       |    12 |     5 ||    17
         Whirlwind         |       |       |       |     7 ||     7
  Evoke: Wand              |       |       |     1 |       ||     1
    Use: Scroll            |    11 |     1 |     8 |     2 ||    22
         Potion            |     1 |       |     1 |       ||     2
   Stab: Sleeping          |     1 |       |       |       ||     1
         Distracted        |       |       |     1 |     2 ||     3
 Armour: Animal skin       |    80 |    64 |   126 |    50 ||   320
  Dodge: Dodged            |   101 |    51 |   146 |    44 ||   342
   Form: Beast             |     1 |     1 |       |       ||     2
